Workbook
Name \0: #REF!
Name \0: #REF!
Name \0: #REF!
Name \00: #REF!
Name \00: #REF!
Name \a: #REF!
Name \a: #REF!
Name \AA: #REF!
Name \AA: #REF!
Name \b: #REF!
Name \b: #REF!
Name \bb: #REF!
Name \bb: #REF!
Name \E: #REF!
Name \E: #REF!
Name \E: #REF!
Name \E: #REF!
Name \E: #REF!
Name \E: #REF!
Name \E: #REF!
Name \E: #REF!
Name \E: #REF!
Name \E: #REF!
Name \E: #REF!
Name \EE: #REF!
Name \EE: #REF!
Name \G: #REF!
Name \G: #REF!
Name \k: #REF!
Name \k: #REF!
Name \l: #REF!
Name \l: #REF!
Name \M: #REF!
Name \M: #REF!
Name \M: #REF!
Name \M: #REF!
Name \M: #REF!
Name \M: #REF!
Name \M: #REF!
Name \M: #REF!
Name \M: #REF!
Name \M: #REF!
Name \M: #REF!
Name \ñ: #REF!
Name \ñ: #REF!
Name \ñ: #REF!
Name \ñ: #REF!
Name \ñ: #REF!
Name \ñ: #REF!
Name \ñ: #REF!
Name \ñ: #REF!
Name \ñ: #REF!
Name \ñ: #REF!
Name \ñ: #REF!
Name \P: #REF!
Name \P: #REF!
Name \P: #REF!
Name \P: #REF!
Name \P: #REF!
Name \P: #REF!

Sheet PRESUPUESTO OFICIAL
A3: Formulario 1 - Propuesta económica - Documento tipo
A4: Código | B4: CCE-EICP-FM-47
A5: CONSTRUCCION DE LOS SISTEMAS DE ALCANTARILLADO PLUVIAL DE LOS BARRIOS EL DORADO, PRADOS DE SAN LUIS, SANTA CATALINA, PATRIOTAS, VILLA BACHUE y PRADOS DEL NORTE DE LA CIUDAD DE TUNJA.
A6: PRESUPUESTO OFICIAL ALCANTARILLADO EL DORADO
A7: Nº | B7: ITEM | C7: DESCRIPCIÓN | D7: UND. | E7: CANTIDAD | F7: VALOR UNITARIO | G7: VALOR TOTAL
A9: 1. PRELIMINARES EL DORADO | L9: VALOR UNITRARIO GOBER | M9: AIU
A10: 1.1 | B10: 4.01.03 | C10: LOCALIZACION Y REPLANTEO PARA RED DE ACUEDUCTO. | D10: ML | E10: ='MEMORIAS DE CANTIDADES'!G17 -> 76 | F10: =ROUND(L10+M10,2) -> 1808.66 | G10: =ROUND(F10*E10,0) -> 137458 | L10: 1391.28 | M10: =0.3*L10 -> 417.384
A11: 1.2 | B11: 3.13.13 | C11: CORTE DE PAVIMENTO ASFÁLTICO | D11: Ml | E11: ='MEMORIAS DE CANTIDADES'!G51 -> 52 | F11: =ROUND(L11+M11,2) -> 11724.06 | G11: =ROUND(F11*E11,0) -> 609651 | L11: 9018.51 | M11: =0.3*L11 -> 2705.553
A12: 1.3 | B12: 3.02.07 | C12: EXCAVACIÓNES MECANICAS VARIAS EN MATERIAL COMUN SECO. (INCLUYE ACARREO LIBRE HASTA 5 KM.) | D12: M3 | E12: ='MEMORIAS DE CANTIDADES'!G84 -> 130 | F12: =ROUND(L12+M12,2) -> 35041.7 | G12: =ROUND(F12*E12,0) -> 4555421 | L12: 26955.15 | M12: =0.3*L12 -> 8086.545
A13: 1.4 | B13: APU 1.4 REF 2.02.16 | C13: EXCAVACIÓNES MECANICAS Y CORTES EN MATERIAL CONGLOMERADO SIN EXPLOSIVOS, (INCLUYE CARGUE Y ACARREO LIBRE HASTA 5 KM.) | D13: M3 | E13: ='MEMORIAS DE CANTIDADES'!G116 -> 38 | F13: =ROUND(L13+M13,2) -> 52537.21 | G13: =ROUND(F13*E13,0) -> 1996414 | L13: ='APU 1.4'!N59 -> 40413.24 | M13: =0.3*L13 -> 12123.972
A14: 1.5 | B14: 2.02.16 | C14: EXCAVACIÓNES MECANICAS Y CORTES EN MATERIAL DE ROCA SIN EXPLOSIVOS, (INCLUYE CARGUE Y ACARREO LIBRE HASTA 5 KM.) | D14: M3 | E14: ='MEMORIAS DE CANTIDADES'!G148 -> 19 | F14: =ROUND(L14+M14,2) -> 129430.67 | G14: =ROUND(F14*E14,0) -> 2459183 | L14: 99562.05 | M14: =0.3*L14 -> 29868.615
A15: 1.6 | B15: 3.13.17 | C15: DEMOLICIÓN DE PISOS Y/O ANDENES EN CONCRETO HASTA E = 12 CM.( INCLUYE CARGUE Y RETIRO CON ACARREO LIBRE HASTA 5KM.) | D15: M2 | E15: ='MEMORIAS DE CANTIDADES'!G173 -> 3 | F15: =ROUND(L15+M15,2) -> 12611.08 | G15: =ROUND(F15*E15,0) -> 37833 | L15: 9700.83 | M15: =0.3*L15 -> 2910.249
A16: 1.7 | B16: 3.08.24 | C16: CONSTRUCCION DE ANDENES E=0.10 M., EN CONCRETO DE 17.5 MPa - (2500 PSI) | D16: M2 | E16: ='MEMORIAS DE CANTIDADES'!G205 -> 3 | F16: =ROUND(L16+M16,2) -> 114863.2 | G16: =ROUND(F16*E16,0) -> 344590 | L16: 88356.31 | M16: =0.3*L16 -> 26506.893
A17: 1.8 | B17: 4.01.02 | C17: ENTIBADOS EN MADERA PARA EXCAVACIÓNES 1 A 7 USOS | D17: M2 | E17: ='MEMORIAS DE CANTIDADES'!G237 -> 47 | F17: =ROUND(L17+M17,2) -> 59541.22 | G17: =ROUND(F17*E17,0) -> 2798437 | L17: 45800.94 | M17: =0.3*L17 -> 13740.282
A18: 1.9 | B18: 2.02.35 | C18: SUMINISTRO, FIGURADA Y AMARRE DE ACERO DE 420 MPa (60000 PSI) | D18: KG | E18: ='MEMORIAS DE CANTIDADES'!G293 -> 309 | F18: =ROUND(L18+M18,2) -> 9977.57 | G18: =ROUND(F18*E18,0) -> 3083069 | L18: 7675.05 | M18: =0.3*L18 -> 2302.515
A19: 2. ALCANTARILLADO EL DORADO
A20: 2.1 | B20: 5.01.32 | C20: SUMINISTRO E INSTALACIÓN TUBERÍA DE ALCANTARILLADO PVC D= 24" | D20: ML | E20: ='MEMORIAS DE CANTIDADES'!G315 -> 76 | F20: =ROUND(L20+M20,2) -> 991595.87 | G20: =ROUND(F20*E20,0) -> 75361286 | L20: 762766.05 | M20: =0.3*L20 -> 228829.82
A21: 2.2 | B21: 1.01.04 | C21: CONCRETO SIMPLE DE 21 Mpa. (3000 PSI) | D21: M3 | E21: ='MEMORIAS DE CANTIDADES'!G336 -> 6 | F21: =ROUND(L21+M21,2) -> 723648.78 | G21: =ROUND(F21*E21,0) -> 4341893 | L21: 556652.91 | M21: =0.3*L21 -> 166995.87
A22: 2.3 | B22: 1.03.07 | C22: PAÑETE IMPERMEABILIZADO 1:3 | D22: M2 | E22: ='MEMORIAS DE CANTIDADES'!G354 -> 17 | F22: =ROUND(L22+M22,2) -> 50081.6 | G22: =ROUND(F22*E22,0) -> 851387 | L22: 38524.31 | M22: =0.3*L22 -> 11557.293
A23: 2.4 | B23: APU 2.4 REF 1.03.07-5.01.08-5.01.02 | C23: POZO DE INSPECCIÓN, DIÁMETRO INTERIOR 1.2 M. (1.50 M. < H < 2.00 M.). ( INCLUYE ARO Y TAPA). | D23: UND | E23: ='MEMORIAS DE CANTIDADES'!G372 -> 1 | F23: =ROUND(L23+M23,2) -> 3651734.2 | G23: =ROUND(F23*E23,0) -> 3651734 | L23: ='APU 2.4'!N61 -> 2809026.3 | M23: =0.3*L23 -> 842707.88
A24: 2.5 | B24: 5.03.02 | C24: CONCRETO SIMPLE DE 21 MPa - (3000 PSI) IMPERMEABILIZADO PARA PLACAS PISOS | D24: M3 | E24: ='MEMORIAS DE CANTIDADES'!G390 -> 1 | F24: =ROUND(L24+M24,2) -> 1339573.2 | G24: =ROUND(F24*E24,0) -> 1339573 | L24: 1030440.9 | M24: =0.3*L24 -> 309132.28
A25: 2.6 | B25: 5.03.03 | C25: CONCRETO SIMPLE DE 21 MPa - (3000 PSI) IMPERMEABILIZADO PARA TAPAS | D25: M3 | E25: ='MEMORIAS DE CANTIDADES'!G408 -> 1 | F25: =ROUND(L25+M25,2) -> 1317652.5 | G25: =ROUND(F25*E25,0) -> 1317652 | L25: 1013578.8 | M25: =0.3*L25 -> 304073.65
A26: 2.7 | B26: 5.02.08 | C26: PASO DE ESCALERILLA DE GATO CON VARILLA DE 5/8" | D26: UND | E26: ='MEMORIAS DE CANTIDADES'!G434 -> 4 | F26: =ROUND(L26+M26,2) -> 21396.64 | G26: =ROUND(F26*E26,0) -> 85587 | L26: 16458.95 | M26: =0.3*L26 -> 4937.685
A27: 2.8 | B27: 5.01.05 | C27: BASE Y CAÑUELA EN CONCRETO DE 17.5 MPa - (2500 PSI) | D27: M3 | E27: ='MEMORIAS DE CANTIDADES'!G452 -> 1 | F27: =ROUND(L27+M27,2) -> 993681.73 | G27: =ROUND(F27*E27,0) -> 993682 | L27: 764370.56 | M27: =0.3*L27 -> 229311.17
A28: 3. RELLENOS EL DORADO
A29: 3.1 | B29: 3.03.15 | C29: RELLENO CON MATERIAL DE AFIRMADO COMPACTADO RANA Y/O VIBROCOMPACTADOR. (INCLUYE ACARREO LIBRE HASTA 5 KM.) | D29: M3 | E29: ='MEMORIAS DE CANTIDADES'!G484 -> 15 | F29: =ROUND(L29+M29,2) -> 155996.8 | G29: =ROUND(F29*E29,0) -> 2339952 | L29: 119997.54 | M29: =0.3*L29 -> 35999.262
A30: 3.2 | B30: 4.01.09 | C30: RELLENO SUBBASE GRANULAR COMPACTADO CON PLANCHA VIBRADORA | D30: M3 | E30: ='MEMORIAS DE CANTIDADES'!G502 -> 141 | F30: =ROUND(L30+M30,2) -> 140646.1 | G30: =ROUND(F30*E30,0) -> 19831100 | L30: 108189.31 | M30: =0.3*L30 -> 32456.793
A31: 3.3 | B31: 4.01.06 | C31: RELLENO CON MATERIAL DE BASE GRANULAR, COMPACTADO CON PLANCHA VIBRADORA. | D31: M3 | E31: ='MEMORIAS DE CANTIDADES'!G535 -> 12 | F31: =ROUND(L31+M31,2) -> 140803.73 | G31: =ROUND(F31*E31,0) -> 1689645 | L31: 108310.56 | M31: =0.3*L31 -> 32493.168
A32: 4.PAVIMENTO Y ANDENES EL DORADO
A33: 4.1 | B33: 3.06.17 | C33: SUMINISTRO, INSTALACIÓN Y COMPACTACIÓN DE MEZCLA ASFALTICA PARA PARCHEO ( INCLUYE ACARREO LIBRE DE 5 KM) (**) | D33: M3 | E33: ='MEMORIAS DE CANTIDADES'!G568 -> 4 | F33: =ROUND(L33+M33,2) -> 1517757.1 | G33: =ROUND(F33*E33,0) -> 6071028 | L33: 1167505.4 | M33: =0.3*L33 -> 350251.63
A34: 5. CARGUE Y TRAMSPORTE DE MATERIAL EL DORADO
A35: 5.1 | B35: 3.12.01 | C35: CARGUE Y TRANSPORTE DE MATERIALES SUELTOS, PRODUCTO DE SOBRANTES Y/O DERRUMBES (INCLUYE ACARREO LIBRE HASTA 5 KM.). | D35: M3 | E35: ='MEMORIAS DE CANTIDADES'!G601 -> 19 | F35: =ROUND(L35+M35,2) -> 19633.58 | G35: =ROUND(F35*E35,0) -> 373038 | L35: 15102.75 | M35: =0.3*L35 -> 4530.825
A36: 6. MANTENIMIENTO EL DORADO
A37: 6.1 | B37: APU 6,1 COT | C37: INSPECCION CON CAMARA CCTV (INCLUYE INFORME EN MEDIO MAGNETICO) Y LAVADO CON VACTOR | D37: Ml | E37: ='MEMORIAS DE CANTIDADES'!G634 -> 76 | F37: =ROUND(L37+M37,2) -> 67661.75 | G37: =ROUND(E37*F37,0) -> 5142293 | L37: 52047.5 | M37: =0.3*L37 -> 15614.25
A38: SUBTOTAL ALCANTARILLADO EL DORADO | G38: =SUM(G10:G18)+SUM(G20:G27)+SUM(G29:G31)+G33+G35+G37 -> 139411906
A39: PRESUPUESTO OFICIAL ALCANTARILLADO PRADOS DE SAN LUIS
A40: Nº | C40: DESCRIPCIÓN | D40: UND. | E40: CANTIDAD | F40: =F7 -> VALOR UNITARIO | G40: VALOR TOTAL
A42: 7. PRELIMINARES PRADOS DE SAN LUIS
A43: 7.1 | B43: 4.01.03 | C43: LOCALIZACION Y REPLANTEO PARA RED DE ACUEDUCTO. | D43: ML | E43: ='MEMORIAS DE CANTIDADES'!G658 -> 395 | F43: =ROUND(L43+M43,2) -> 1808.66 | G43: =ROUND(E43*F43,0) -> 714421 | L43: =L10 -> 1391.28 | M43: =0.3*L43 -> 417.384
A44: 7.2 | B44: 3.13.13 | C44: CORTE DE PAVIMENTO ASFÁLTICO | D44: ML | E44: ='MEMORIAS DE CANTIDADES'!G692 -> 36 | F44: =ROUND(L44+M44,2) -> 11724.06 | G44: =ROUND(E44*F44,0) -> 422066 | L44: =L11 -> 9018.51 | M44: =0.3*L44 -> 2705.553
A45: 7.3 | B45: 3.02.07 | C45: EXCAVACIÓNES MECANICAS VARIAS EN MATERIAL COMUN SECO. (INCLUYE ACARREO LIBRE HASTA 5 KM.) | D45: M3 | E45: ='MEMORIAS DE CANTIDADES'!G725 -> 694 | F45: =ROUND(L45+M45,2) -> 35041.7 | G45: =ROUND(E45*F45,0) -> 24318940 | L45: =L12 -> 26955.15 | M45: =0.3*L45 -> 8086.545
A46: 7.4 | B46: APU 1.4 REF 2.02.16 | C46: EXCAVACIÓNES MECANICAS Y CORTES EN MATERIAL CONGLOMERADO SIN EXPLOSIVOS, (INCLUYE CARGUE Y ACARREO LIBRE HASTA 5 KM.) | D46: M3 | E46: ='MEMORIAS DE CANTIDADES'!G757 -> 199 | F46: =ROUND(L46+M46,2) -> 52537.21 | G46: =ROUND(E46*F46,0) -> 10454905 | L46: ='APU 1.4'!N59 -> 40413.24 | M46: =0.3*L46 -> 12123.972
A47: 7.5 | B47: 2.02.16 | C47: EXCAVACIÓNES MECANICAS Y CORTES EN MATERIAL DE ROCA SIN EXPLOSIVOS, (INCLUYE CARGUE Y ACARREO LIBRE HASTA 5 KM.) | D47: M3 | E47: ='MEMORIAS DE CANTIDADES'!G789 -> 100 | F47: =ROUND(L47+M47,2) -> 129430.67 | G47: =ROUND(E47*F47,0) -> 12943067 | L47: =L14 -> 99562.05 | M47: =0.3*L47 -> 29868.615
A48: 7.6 | B48: 3.03.10 | C48: EXCAVACIÓN MANUAL EN MATERIAL COMUN | D48: M3 | E48: ='MEMORIAS DE CANTIDADES'!G814 -> 75 | F48: =ROUND(L48+M48,2) -> 91750.92 | G48: =ROUND(E48*F48,0) -> 6881319 | L48: 70577.63 | M48: =0.3*L48 -> 21173.289
A49: 7.7 | B49: 4.01.02 | C49: ENTIBADOS EN MADERA PARA EXCAVACIÓNES 1 A 7 USOS | D49: M2 | E49: ='MEMORIAS DE CANTIDADES'!G846 -> 380 | F49: =ROUND(L49+M49,2) -> 59541.22 | G49: =ROUND(E49*F49,0) -> 22625664 | L49: =L17 -> 45800.94 | M49: =0.3*L49 -> 13740.282
A50: 7.8 | B50: 2.02.35 | C50: SUMINISTRO, FIGURADA Y AMARRE DE ACERO DE 420 MPa (60000 PSI) | D50: KG | E50: ='MEMORIAS DE CANTIDADES'!G898 -> 793 | F50: =ROUND(L50+M50,2) -> 9977.57 | G50: =ROUND(E50*F50,0) -> 7912213 | L50: =L18 -> 7675.05 | M50: =0.3*L50 -> 2302.515
A51: 8. ALCANTARILLADO PRADOS DE SAN LUIS
A52: 8.1 | B52: 5.01.28 | C52: SUMINISTRO E INSTALACIÓN TUBERÍA DE ALCANTARILLADO PVC D=12" | D52: ML | E52: ='MEMORIAS DE CANTIDADES'!G920 -> 232 | F52: =ROUND(L52+M52,2) -> 276331.97 | G52: =ROUND(E52*F52,0) -> 64109017 | L52: 212563.05 | M52: =0.3*L52 -> 63768.915
A53: 8.2 | B53: 5.01.30 | C53: SUMINISTRO E INSTALACIÓN TUBERÍA DE ALCANTARILLADO PVC D=16" | D53: ML | E53: ='MEMORIAS DE CANTIDADES'!G938 -> 163 | F53: =ROUND(L53+M53,2) -> 452660.47 | G53: =ROUND(E53*F53,0) -> 73783657 | L53: 348200.36 | M53: =0.3*L53 -> 104460.11
A54: 8.3 | B54: APU 2.4 REF 1.03.07-5.01.08-5.01.02 | C54: POZO DE INSPECCIÓN, DIÁMETRO INTERIOR 1.2 M. (1.50 M. < H < 2.00 M.). ( INCLUYE ARO Y TAPA). | D54: UND | E54: ='MEMORIAS DE CANTIDADES'!G959 -> 2 | F54: =ROUND(L54+M54,2) -> 3651734.2 | G54: =ROUND(E54*F54,0) -> 7303468 | L54: ='APU 2.4'!N61 -> 2809026.3 | M54: =0.3*L54 -> 842707.88
A55: 8.4 | B55: APU 8.4 1.03.07-5.01.09-5.01.02 | C55: POZO DE INSPECCIÓN, DIÁMETRO INTERIOR 1.2 M. (2.00 M. < H < 2.50 M.). ( INCLUYE ARO Y TAPA). | D55: UND | E55: ='MEMORIAS DE CANTIDADES'!G977 -> 5 | F55: =ROUND(L55+M55,2) -> 4377871.5 | G55: =ROUND(E55*F55,0) -> 21889357 | L55: ='APU 8.4'!N61 -> 3367593.4 | M55: =0.3*L55 -> 1010278
A56: 8.5 | B56: APU 8.5 1.03.07-5.01.10-5.01.02 | C56: POZO DE INSPECCIÓN, DIÁMETRO INTERIOR 1.5 M. (2.50 M. < H < 3.50 M.). ( INCLUYE ARO Y TAPA). | D56: UND | E56: ='MEMORIAS DE CANTIDADES'!G995 -> 1 | F56: =ROUND(L56+M56,2) -> 6405392.8 | G56: =ROUND(E56*F56,0) -> 6405393 | L56: ='APU 8.5'!N61 -> 4927225.2 | M56: =0.3*L56 -> 1478167.6
A57: 8.6 | B57: APU 8.6 1.03.07-5.01.10-5.01.02 | C57: POZO DE INSPECCIÓN, DIÁMETRO INTERIOR 1.5 M ( 3.50< h < 4.70) ( INCLUYE ARO Y TAPA). | D57: UND | E57: ='MEMORIAS DE CANTIDADES'!G1013 -> 2 | F57: =ROUND(L57+M57,2) -> 8534721.5 | G57: =ROUND(E57*F57,0) -> 17069443 | L57: ='APU 8.6 '!N61 -> 6565170.4 | M57: =0.3*L57 -> 1969551.1
A58: 8.7 | B58: 5.03.02 | C58: CONCRETO SIMPLE DE 21 MPa - (3000 PSI) IMPERMEABILIZADO PARA PLACAS PISOS | D58: M3 | E58: ='MEMORIAS DE CANTIDADES'!G1031 -> 5 | F58: =ROUND(L58+M58,2) -> 1339573.2 | G58: =ROUND(E58*F58,0) -> 6697866 | L58: =L24 -> 1030440.9 | M58: =0.3*L58 -> 309132.28
A59: 8.8 | B59: 5.03.03 | C59: CONCRETO SIMPLE DE 21 MPa - (3000 PSI) IMPERMEABILIZADO PARA TAPAS | D59: M3 | E59: ='MEMORIAS DE CANTIDADES'!G1049 -> 5 | F59: =ROUND(L59+M59,2) -> 1317652.5 | G59: =ROUND(E59*F59,0) -> 6588262 | L59: =L25 -> 1013578.8 | M59: =0.3*L59 -> 304073.65
A60: 8.9 | B60: 5.02.08 | C60: PASO DE ESCALERILLA DE GATO CON VARILLA DE 5/8" | D60: UND | E60: ='MEMORIAS DE CANTIDADES'!G1075 -> 65 | F60: =ROUND(L60+M60,2) -> 21396.64 | G60: =ROUND(E60*F60,0) -> 1390782 | L60: =L26 -> 16458.95 | M60: =0.3*L60 -> 4937.685
A61: 8.10 | B61: 5.01.05 | C61: BASE Y CAÑUELA EN CONCRETO DE 17.5 MPa - (2500 PSI) | D61: M3 | E61: ='MEMORIAS DE CANTIDADES'!G1093 -> 3 | F61: =ROUND(L61+M61,2) -> 993681.73 | G61: =ROUND(E61*F61,0) -> 2981045 | L61: =L27 -> 764370.56 | M61: =0.3*L61 -> 229311.17
A62: 9. RELLENOS PRADOS DE SAN LUIS | M62: =0.3*L62 -> 0
A63: 9.1 | B63: 3.03.15 | C63: RELLENO CON MATERIAL DE AFIRMADO COMPACTADO RANA Y/O VIBROCOMPACTADOR. (INCLUYE ACARREO LIBRE HASTA 5 KM.) | D63: M3 | E63: ='MEMORIAS DE CANTIDADES'!G1129 -> 57 | F63: =ROUND(L63+M63,2) -> 155996.8 | G63: =ROUND(E63*F63,0) -> 8891818 | L63: =L29 -> 119997.54 | M63: =0.3*L63 -> 35999.262
A64: 9.2 | B64: 4.01.09 | C64: RELLENO SUBBASE GRANULAR COMPACTADO CON PLANCHA VIBRADORA | D64: M3 | E64: ='MEMORIAS DE CANTIDADES'!G1147 -> 792 | F64: =ROUND(L64+M64,2) -> 140646.1 | G64: =ROUND(E64*F64,0) -> 111391711 | L64: =L30 -> 108189.31 | M64: =0.3*L64 -> 32456.793
A65: 9.3 | B65: 4.01.06 | C65: RELLENO CON MATERIAL DE BASE GRANULAR, COMPACTADO CON PLANCHA VIBRADORA. | D65: M3 | E65: ='MEMORIAS DE CANTIDADES'!G1180 -> 54 | F65: =ROUND(L65+M65,2) -> 140803.73 | G65: =ROUND(E65*F65,0) -> 7603401 | L65: =L31 -> 108310.56 | M65: =0.3*L65 -> 32493.168
A66: 10.PAVIMENTO Y ANDENES PRADOS DE SAN LUIS | M66: =0.3*L66 -> 0
A67: 10.1 | B67: 3.06.17 | C67: SUMINISTRO, INSTALACIÓN Y COMPACTACIÓN DE MEZCLA ASFALTICA PARA PARCHEO ( INCLUYE ACARREO LIBRE DE 5 KM) (**) | D67: M3 | E67: ='MEMORIAS DE CANTIDADES'!G1213 -> 36 | F67: =ROUND(L67+M67,2) -> 1517757.1 | G67: =ROUND(E67*F67,0) -> 54639254 | L67: =L33 -> 1167505.4 | M67: =0.3*L67 -> 350251.63
A68: 11.SUMIDEROS PRADOS DE SAN LUIS | M68: =0.3*L68 -> 0
A69: 11.1 | B69: APU 11.1 REF 5.02.14-5.02.15 | C69: SUMIDERO SI 100 CON REJILLA EN POLIPROPILENO | D69: UND | E69: ='MEMORIAS DE CANTIDADES'!G1228 -> 13 | F69: =ROUND(L69+M69,2) -> 2251937.4 | G69: =ROUND(E69*F69,0) -> 29275186 | L69: ='APU 11.1'!N60 -> 1732259.5 | M69: =0.3*L69 -> 519677.86
A70: 11.2 | B70: 5.01.27 | C70: SUMINISTRO E INSTALACIÓN TUBERÍA DE ALCANTARILLADO PVC D=10" | D70: Ml | E70: ='MEMORIAS DE CANTIDADES'!G1243 -> 35 | F70: =ROUND(L70+M70,2) -> 198338.23 | G70: =ROUND(E70*F70,0) -> 6941838 | L70: 152567.87 | M70: =0.3*L70 -> 45770.361
A71: 12. CARGUE Y TRAMSPORTE DE MATERIAL PRADOS DE SAN LUIS | M71: =0.3*L71 -> 0
A72: 12.1 | B72: 3.12.01 | C72: CARGUE Y TRANSPORTE DE MATERIALES SUELTOS, PRODUCTO DE SOBRANTES Y/O DERRUMBES (INCLUYE ACARREO LIBRE HASTA 5 KM.). | D72: M3 | E72: ='MEMORIAS DE CANTIDADES'!G1276 -> 100 | F72: =ROUND(L72+M72,2) -> 19633.58 | G72: =ROUND(E72*F72,0) -> 1963358 | L72: =L35 -> 15102.75 | M72: =0.3*L72 -> 4530.825
A73: 13. MANTENIMIENTO PRADOS DE SAN LUIS | M73: =0.3*L73 -> 0
A74: 13.1 | B74: APU 6,1 COT | C74: INSPECCION CON CAMARA CCTV (INCLUYE INFORME EN MEDIO MAGNETICO) Y LAVADO CON VACTOR | D74: Ml | E74: ='MEMORIAS DE CANTIDADES'!G1309 -> 429 | F74: =ROUND(L74+M74,2) -> 67661.75 | G74: =ROUND(E74*F74,0) -> 29026891 | L74: 52047.5 | M74: =0.3*L74 -> 15614.25
A75: SUBTOTAL ALCANTARILLADO PRADOS DE SAN LUIS | G75: =SUM(G43:G50)+SUM(G52:G61)+SUM(G63:G65)+G67+SUM(G69:G70)+G72+G74 -> 544224342 | M75: =0.3*L75 -> 0
A76: PRESUPUESTO OFICIAL ALCANTARILLADO SANTA CATALINA | M76: =0.3*L76 -> 0
A77: Nº | C77: DESCRIPCIÓN | D77: UND. | E77: CANTIDAD | F77: =F7 -> VALOR UNITARIO | G77: VALOR TOTAL | M77: =0.3*L77 -> 0
M78: =0.3*L78 -> 0
A79: 14. PRELIMINARES SANTA CATALINA | M79: =0.3*L79 -> 0
A80: 14.1 | B80: 4.01.03 | C80: LOCALIZACION Y REPLANTEO PARA RED DE ACUEDUCTO. | D80: ML | E80: ='MEMORIAS DE CANTIDADES'!G1343 -> 609 | F80: =ROUND(L80+M80,2) -> 1808.66 | G80: =ROUND(E80*F80,0) -> 1101474 | L80: =L43 -> 1391.28 | M80: =0.3*L80 -> 417.384
A81: 14.2 | B81: 3.13.13 | C81: CORTE DE PAVIMENTO ASFÁLTICO | D81: ML | E81: ='MEMORIAS DE CANTIDADES'!G1377 -> 53 | F81: =ROUND(L81+M81,2) -> 11724.06 | G81: =ROUND(E81*F81,0) -> 621375 | L81: =L44 -> 9018.51 | M81: =0.3*L81 -> 2705.553
A82: 14.3 | B82: 3.02.07 | C82: EXCAVACIÓNES MECANICAS VARIAS EN MATERIAL COMUN SECO. (INCLUYE ACARREO LIBRE HASTA 5 KM.) | D82: M3 | E82: ='MEMORIAS DE CANTIDADES'!G1425 -> 743 | F82: =ROUND(L82+M82,2) -> 35041.7 | G82: =ROUND(E82*F82,0) -> 26035983 | L82: =L45 -> 26955.15 | M82: =0.3*L82 -> 8086.545
A83: 14.4 | B83: APU 1.4 REF 2.02.16 | C83: EXCAVACIÓNES MECANICAS Y CORTES EN MATERIAL CONGLOMERADO SIN EXPLOSIVOS, (INCLUYE CARGUE Y ACARREO LIBRE HASTA 5 KM.) | D83: M3 | E83: ='MEMORIAS DE CANTIDADES'!G1469 -> 213 | F83: =ROUND(L83+M83,2) -> 52537.21 | G83: =ROUND(E83*F83,0) -> 11190426 | L83: =L46 -> 40413.24 | M83: =0.3*L83 -> 12123.972
A84: 14.5 | B84: 2.02.16 | C84: EXCAVACIÓNES MECANICAS Y CORTES EN MATERIAL DE ROCA SIN EXPLOSIVOS, (INCLUYE CARGUE Y ACARREO LIBRE HASTA 5 KM.) | D84: M3 | E84: ='MEMORIAS DE CANTIDADES'!G1513 -> 107 | F84: =ROUND(L84+M84,2) -> 129430.67 | G84: =ROUND(E84*F84,0) -> 13849082 | L84: =L47 -> 99562.05 | M84: =0.3*L84 -> 29868.615
A85: 14.6 | B85: 3.03.10 | C85: EXCAVACIÓN MANUAL EN MATERIAL COMUN | D85: M3 | E85: ='MEMORIAS DE CANTIDADES'!G1538 -> 103 | F85: =ROUND(L85+M85,2) -> 91750.92 | G85: =ROUND(E85*F85,0) -> 9450345 | L85: =L48 -> 70577.63 | M85: =0.3*L85 -> 21173.289
A86: 14.7 | B86: 4.01.02 | C86: ENTIBADOS EN MADERA PARA EXCAVACIÓNES 1 A 7 USOS | D86: M2 | E86: ='MEMORIAS DE CANTIDADES'!G1583 -> 387 | F86: =ROUND(L86+M86,2) -> 59541.22 | G86: =ROUND(E86*F86,0) -> 23042452 | L86: =L49 -> 45800.94 | M86: =0.3*L86 -> 13740.282
A87: 14.8 | B87: 2.02.35 | C87: SUMINISTRO, FIGURADA Y AMARRE DE ACERO DE 420 MPa (60000 PSI) | D87: KG | E87: ='MEMORIAS DE CANTIDADES'!G1635 -> 1189 | F87: =ROUND(L87+M87,2) -> 9977.57 | G87: =ROUND(E87*F87,0) -> 11863331 | L87: =L50 -> 7675.05 | M87: =0.3*L87 -> 2302.515
A88: 15. ALCANTARILLADO SANTA CATALINA | M88: =0.3*L88 -> 0
A89: 15.1 | B89: 5.01.28 | C89: SUMINISTRO E INSTALACIÓN TUBERÍA DE ALCANTARILLADO PVC D=12" | D89: ML | E89: ='MEMORIAS DE CANTIDADES'!G1668 -> 470 | F89: =ROUND(L89+M89,2) -> 276331.97 | G89: =ROUND(E89*F89,0) -> 129876026 | L89: =L52 -> 212563.05 | M89: =0.3*L89 -> 63768.915
A90: 15.2 | B90: 5.01.30 | C90: SUMINISTRO E INSTALACIÓN TUBERÍA DE ALCANTARILLADO PVC D=16" | D90: ML | E90: ='MEMORIAS DE CANTIDADES'!G1700 -> 140 | F90: =ROUND(L90+M90,2) -> 452660.47 | G90: =ROUND(E90*F90,0) -> 63372466 | L90: =L53 -> 348200.36 | M90: =0.3*L90 -> 104460.11
A91: 15.3 | B91: APU 2.4 REF 1.03.07-5.01.08-5.01.02 | C91: POZO DE INSPECCIÓN, DIÁMETRO INTERIOR 1.2 M. (1.50 M. < H < 2.00 M.). ( INCLUYE ARO Y TAPA). | D91: UND | E91: ='MEMORIAS DE CANTIDADES'!G1730 -> 12 | F91: =ROUND(L91+M91,2) -> 3651734.2 | G91: =ROUND(E91*F91,0) -> 43820810 | L91: ='APU 2.4'!N61 -> 2809026.3 | M91: =0.3*L91 -> 842707.88
A92: 15.4 | B92: APU 8.4 REF 1.03.07-5.01.09-5.01.02 | C92: POZO DE INSPECCIÓN, DIÁMETRO INTERIOR 1.2 M. (2.00 M. < H < 2.50 M.). ( INCLUYE ARO Y TAPA). | D92: UND | E92: ='MEMORIAS DE CANTIDADES'!G1748 -> 3 | F92: =ROUND(L92+M92,2) -> 4377871.5 | G92: =ROUND(E92*F92,0) -> 13133614 | L92: ='APU 8.4'!N61 -> 3367593.4 | M92: =0.3*L92 -> 1010278
A93: 15.5 | B93: 5.03.02 | C93: CONCRETO SIMPLE DE 21 MPa - (3000 PSI) IMPERMEABILIZADO PARA PLACAS PISOS | D93: M3 | E93: ='MEMORIAS DE CANTIDADES'!G1766 -> 10 | F93: =ROUND(L93+M93,2) -> 1339573.2 | G93: =ROUND(E93*F93,0) -> 13395732 | L93: =L58 -> 1030440.9 | M93: =0.3*L93 -> 309132.28
A94: 15.6 | B94: 5.03.03 | C94: CONCRETO SIMPLE DE 21 MPa - (3000 PSI) IMPERMEABILIZADO PARA TAPAS | D94: M3 | E94: ='MEMORIAS DE CANTIDADES'!G1784 -> 11 | F94: =ROUND(L94+M94,2) -> 1317652.5 | G94: =ROUND(E94*F94,0) -> 14494177 | L94: =L59 -> 1013578.8 | M94: =0.3*L94 -> 304073.65
A95: 15.7 | B95: 5.02.08 | C95: PASO DE ESCALERILLA DE GATO CON VARILLA DE 5/8" | D95: UND | E95: ='MEMORIAS DE CANTIDADES'!G1813 -> 66 | F95: =ROUND(L95+M95,2) -> 21396.64 | G95: =ROUND(E95*F95,0) -> 1412178 | L95: =L60 -> 16458.95 | M95: =0.3*L95 -> 4937.685
A96: 15.8 | B96: 5.01.05 | C96: BASE Y CAÑUELA EN CONCRETO DE 17.5 MPa - (2500 PSI) | D96: M3 | E96: ='MEMORIAS DE CANTIDADES'!G1831 -> 10 | F96: =ROUND(L96+M96,2) -> 993681.73 | G96: =ROUND(E96*F96,0) -> 9936817 | L96: =L61 -> 764370.56 | M96: =0.3*L96 -> 229311.17
A97: 16. RELLENOS SANTA CATALINA | M97: =0.3*L97 -> 0
A98: 16.1 | B98: 3.03.15 | C98: RELLENO CON MATERIAL DE AFIRMADO COMPACTADO RANA Y/O VIBROCOMPACTADOR. (INCLUYE ACARREO LIBRE HASTA 5 KM.) | D98: M3 | E98: ='MEMORIAS DE CANTIDADES'!G1879 -> 85 | F98: =ROUND(L98+M98,2) -> 155996.8 | G98: =ROUND(E98*F98,0) -> 13259728 | L98: =L63 -> 119997.54 | M98: =0.3*L98 -> 35999.262
A99: 16.2 | B99: 4.01.09 | C99: RELLENO SUBBASE GRANULAR COMPACTADO CON PLANCHA VIBRADORA | D99: M3 | E99: ='MEMORIAS DE CANTIDADES'!G1897 -> 897 | F99: =ROUND(L99+M99,2) -> 140646.1 | G99: =ROUND(E99*F99,0) -> 126159552 | L99: =L64 -> 108189.31 | M99: =0.3*L99 -> 32456.793
A100: 16.3 | B100: 4.01.06 | C100: RELLENO CON MATERIAL DE BASE GRANULAR, COMPACTADO CON PLANCHA VIBRADORA. | D100: M3 | E100: ='MEMORIAS DE CANTIDADES'!G1945 -> 73 | F100: =ROUND(L100+M100,2) -> 140803.73 | G100: =ROUND(E100*F100,0) -> 10278672 | L100: =L65 -> 108310.56 | M100: =0.3*L100 -> 32493.168
A101: 17.PAVIMENTO Y ANDENES SANTA CATALINA | M101: =0.3*L101 -> 0
A102: 17.1 | B102: 3.06.17 | C102: SUMINISTRO, INSTALACIÓN Y COMPACTACIÓN DE MEZCLA ASFALTICA PARA PARCHEO ( INCLUYE ACARREO LIBRE DE 5 KM) (**) | D102: M3 | E102: ='MEMORIAS DE CANTIDADES'!G1978 -> 53 | F102: =ROUND(L102+M102,2) -> 1517757.1 | G102: =ROUND(E102*F102,0) -> 80441124 | L102: =L67 -> 1167505.4 | M102: =0.3*L102 -> 350251.63
A103: 18.SUMIDEROS SANTA CATALINA | M103: =0.3*L103 -> 0
A104: 18.1 | B104: APU 11.1 REF 5.02.14-5.02.15 | C104: SUMIDERO SI 100 CON REJILLA EN POLIPROPILENO | D104: UND | E104: ='MEMORIAS DE CANTIDADES'!G1993 -> 19 | F104: =ROUND(L104+M104,2) -> 2251937.4 | G104: =ROUND(E104*F104,0) -> 42786811 | L104: ='APU 11.1'!N60 -> 1732259.5 | M104: =0.3*L104 -> 519677.86
...

Sheet MEMORIAS DE CANTIDADES
A1: MEMORIAS DE CANTIDADES
A3: OBJETO: | B3: CONSTRUCCION DE LOS SISTEMAS DE ALCANTARILLADO PLUVIAL DE LOS BARRIOS EL DORADO, PRADOS DE SAN LUIS, SANTA CATALINA, PATRIOTAS, VILLA BACHUE y PRADOS DEL NORTE DE LA CIUDAD DE TUNJA.
A4: SUPERVISOR: | G4: CONTRATO:
A5: ITEM | B5: 1.1 | D5: DESCRIPCION | G5: ='PRESUPUESTO OFICIAL'!C10 -> LOCALIZACION Y REPLANTEO PARA RED DE ACUEDUCTO. | J5: UND | K5: ML
A6: OBSERVACIÓN | C6: CANTIDAD | D6: DIMENSIÓN | G6: TOTAL | H6: FOTOGRAFÍA
D7: LONGITUD | E7: ANCHO | F7: ALTURA (H)
A8: TN-2 | B8: TN-2 | D8: 10.056 | G8: =D8 -> 10.056
A9: TN-1 | B9: TN-1 | D9: 65.939 | G9: =D9 -> 65.939
A17: TOTAL | G17: =ROUNDUP((SUM(G8:G16)),0) -> 76
A21: Nombre y firma | F21: Nombre y firma
A22: INTERVENTOR Y/O SUPERVISOR | F22: INTERVENTOR Y/O SUPERVISOR
A23: MEMORIAS DE CANTIDADES
A25: OBJETO: | B25: =B3 -> CONSTRUCCION DE LOS SISTEMAS DE ALCANTARILLADO PLUVIAL DE LOS BARRIOS EL DORADO, PRADOS DE SAN LUIS, SANTA CATALINA, PATRIOTAS, VILLA BACHUE y PRADOS DEL NORTE DE LA CIUDAD DE TUNJA.
A26: SUPERVISOR: | G26: CONTRATO:
A27: ITEM | B27: 1.2 | D27: DESCRIPCION | G27: ='PRESUPUESTO OFICIAL'!C11 -> CORTE DE PAVIMENTO ASFÁLTICO | J27: UND | K27: M3
A28: OBSERVACIÓN | C28: CANTIDAD | D28: DIMENSIÓN | G28: TOTAL | H28: FOTOGRAFÍA
D29: LONGITUD | E29: ANCHO | F29: ALTURA (H)
A30: TRAMO | B30: TN-2 | C30: 2 | D30: 14 | G30: =D30*C30 -> 28
A31: PZN-1 | B31: TN-1 | C31: 4 | D31: 2.5 | G31: =D31*C31 -> 10
A32: PZN-2 | B32: TN-2 | C32: 4 | D32: 3.5 | G32: =D32*C32 -> 14
A51: TOTAL | G51: =ROUNDUP(SUM(G30:G50),0) -> 52
A55: Nombre y firma | F55: Nombre y firma
A56: INTERVENTOR Y/O SUPERVISOR | F56: INTERVENTOR Y/O SUPERVISOR
A57: MEMORIAS DE CANTIDADES
A59: OBJETO: | B59: =B3 -> CONSTRUCCION DE LOS SISTEMAS DE ALCANTARILLADO PLUVIAL DE LOS BARRIOS EL DORADO, PRADOS DE SAN LUIS, SANTA CATALINA, PATRIOTAS, VILLA BACHUE y PRADOS DEL NORTE DE LA CIUDAD DE TUNJA.
A60: SUPERVISOR: | G60: CONTRATO:
A61: ITEM | B61: 1.3 | D61: DESCRIPCION | G61: ='PRESUPUESTO OFICIAL'!C12 -> EXCAVACIÓNES MECANICAS VARIAS EN MATERIAL COMUN SECO. (INCLUYE ACARREO LIBRE HASTA 5 KM.) | J61: UND | K61: M3
A62: OBSERVACIÓN | C62: CANTIDAD | D62: DIMENSIÓN | G62: TOTAL | H62: FOTOGRAFÍA
D63: LONGITUD | E63: ANCHO | F63: ALTURA (H)
A64: TN-2 | B64: TN-2 | D64: 10.056 | E64: 1.03 | F64: 1.74 | G64: =D64*E64*F64 -> 18.022363
A65: TN-1 | B65: TN-1 | D65: 65.939 | E65: 1.03 | F65: 1.87 | G65: =D65*E65*F65 -> 127.00511
A66: PZN-1 | B66: TN-1 | D66: 2.5 | E66: 2.5 | F66: 2.04 | G66: =D66*E66*F66 -> 12.75
A67: PZN-2 | B67: TN-2 | D67: 3.5 | E67: 3.5 | F67: 2.21 | G67: =D67*E67*F67 -> 27.0725
A84: TOTAL | G84: =ROUNDUP((SUM(G64:G82)*0.7),0) -> 130
A87: Nombre y firma | F87: Nombre y firma
A88: INTERVENTOR Y/O SUPERVISOR | F88: INTERVENTOR Y/O SUPERVISOR
A89: MEMORIAS DE CANTIDADES
A91: OBJETO: | B91: =B3 -> CONSTRUCCION DE LOS SISTEMAS DE ALCANTARILLADO PLUVIAL DE LOS BARRIOS EL DORADO, PRADOS DE SAN LUIS, SANTA CATALINA, PATRIOTAS, VILLA BACHUE y PRADOS DEL NORTE DE LA CIUDAD DE TUNJA.
A92: SUPERVISOR: | G92: CONTRATO:
A93: ITEM | B93: 1.4 | D93: DESCRIPCION | G93: ='PRESUPUESTO OFICIAL'!C13 -> EXCAVACIÓNES MECANICAS Y CORTES EN MATERIAL CONGLOMERADO SIN EXPLOSIVOS, (INCLUYE CARGUE Y ACARREO LIBRE HASTA 5 KM.) | J93: UND | K93: M3
A94: OBSERVACIÓN | C94: CANTIDAD | D94: DIMENSIÓN | G94: TOTAL | H94: FOTOGRAFÍA
D95: LONGITUD | E95: ANCHO | F95: ALTURA (H)
A96: TN-2 | B96: TN-2 | D96: 10.056 | E96: 1.034 | F96: 1.74 | G96: =D96*E96*F96 -> 18.092353
A97: TN-1 | B97: TN-1 | D97: 65.939 | E97: 1.034 | F97: 1.87 | G97: =D97*E97*F97 -> 127.49833
A98: PZN-1 | B98: TN-1 | D98: 2.5 | E98: 2.5 | F98: 2.04 | G98: =D98*E98*F98 -> 12.75
A99: PZN-2 | B99: TN-2 | D99: 3.5 | E99: 3.5 | F99: 2.21 | G99: =D99*E99*F99 -> 27.0725
A116: TOTAL | G116: =ROUNDUP(((SUM(G96:G114))*0.2),0) -> 38
A119: Nombre y firma | F119: Nombre y firma
A120: INTERVENTOR Y/O SUPERVISOR | F120: INTERVENTOR Y/O SUPERVISOR
A121: MEMORIAS DE CANTIDADES
A123: OBJETO: | B123: =B3 -> CONSTRUCCION DE LOS SISTEMAS DE ALCANTARILLADO PLUVIAL DE LOS BARRIOS EL DORADO, PRADOS DE SAN LUIS, SANTA CATALINA, PATRIOTAS, VILLA BACHUE y PRADOS DEL NORTE DE LA CIUDAD DE TUNJA.
A124: SUPERVISOR: | G124: CONTRATO:
A125: ITEM | B125: 1.5 | D125: DESCRIPCION | G125: ='PRESUPUESTO OFICIAL'!C14 -> EXCAVACIÓNES MECANICAS Y CORTES EN MATERIAL DE ROCA SIN EXPLOSIVOS, (INCLUYE CARGUE Y ACARREO LIBRE HASTA 5 KM.) | J125: UND | K125: M3
A126: OBSERVACIÓN | C126: CANTIDAD | D126: DIMENSIÓN | G126: TOTAL | H126: FOTOGRAFÍA
D127: LONGITUD | E127: ANCHO | F127: ALTURA (H)
A128: TN-2 | B128: TN-2 | D128: 10.056 | E128: 1.034 | F128: 1.74 | G128: =D128*E128*F128 -> 18.092353
A129: TN-1 | B129: TN-1 | D129: 65.939 | E129: 1.034 | F129: 1.87 | G129: =D129*E129*F129 -> 127.49833
A130: PZN-1 | B130: TN-1 | D130: 2.5 | E130: 2.5 | F130: 2.04 | G130: =D130*E130*F130 -> 12.75
A131: PZN-2 | B131: TN-2 | D131: 3.5 | E131: 3.5 | F131: 2.21 | G131: =D131*E131*F131 -> 27.0725
A148: TOTAL | G148: =ROUNDUP((SUM(G128:G146)*0.1),0) -> 19
A151: Nombre y firma | F151: Nombre y firma
A152: INTERVENTOR Y/O SUPERVISOR | F152: INTERVENTOR Y/O SUPERVISOR
A153: SUPERVISOR: | G153: CONTRATO:
A154: MEMORIAS DE CANTIDADES
A156: OBJETO: | B156: =B3 -> CONSTRUCCION DE LOS SISTEMAS DE ALCANTARILLADO PLUVIAL DE LOS BARRIOS EL DORADO, PRADOS DE SAN LUIS, SANTA CATALINA, PATRIOTAS, VILLA BACHUE y PRADOS DEL NORTE DE LA CIUDAD DE TUNJA.
A157: ITEM | B157: 1.6 | D157: DESCRIPCION | G157: ='PRESUPUESTO OFICIAL'!C15 -> DEMOLICIÓN DE PISOS Y/O ANDENES EN CONCRETO HASTA E = 12 CM.( INCLUYE CARGUE Y RETIRO CON ACARREO LIBRE HASTA 5KM.) | J157: UND | K157: M3
A158: OBSERVACIÓN | C158: CANTIDAD | D158: DIMENSIÓN | G158: TOTAL | H158: FOTOGRAFÍA
D159: LONGITUD | E159: ANCHO | F159: ALTURA (H)
A160: ANDEN | B160: Tramo 22 | D160: 2.5 | E160: 1.03 | G160: =D160*E160 -> 2.575
A173: TOTAL | G173: =ROUNDUP((SUM(G160:G170)),0) -> 3
A176: Nombre y firma | F176: Nombre y firma
A177: INTERVENTOR Y/O SUPERVISOR | F177: INTERVENTOR Y/O SUPERVISOR
A178: SUPERVISOR: | G178: CONTRATO:
A179: MEMORIAS DE CANTIDADES
A181: OBJETO: | B181: =B3 -> CONSTRUCCION DE LOS SISTEMAS DE ALCANTARILLADO PLUVIAL DE LOS BARRIOS EL DORADO, PRADOS DE SAN LUIS, SANTA CATALINA, PATRIOTAS, VILLA BACHUE y PRADOS DEL NORTE DE LA CIUDAD DE TUNJA.
A182: SUPERVISOR: | G182: CONTRATO:
A183: ITEM | B183: 1.7 | D183: DESCRIPCION | G183: ='PRESUPUESTO OFICIAL'!C16 -> CONSTRUCCION DE ANDENES E=0.10 M., EN CONCRETO DE 17.5 MPa - (2500 PSI) | J183: UND | K183: M2
A184: OBSERVACIÓN | C184: CANTIDAD | D184: DIMENSIÓN | G184: TOTAL | H184: FOTOGRAFÍA
D185: LONGITUD | E185: ANCHO | F185: ALTURA (H)
A186: ANDEN | B186: Tramo 22 | D186: 2.5 | E186: 1.03 | G186: =D186*E186 -> 2.575
A205: TOTAL | G205: =ROUNDUP((SUM(G186:G204)),0) -> 3
A209: Nombre y firma | F209: Nombre y firma
A210: INTERVENTOR Y/O SUPERVISOR | F210: INTERVENTOR Y/O SUPERVISOR
A211: MEMORIAS DE CANTIDADES
A213: OBJETO: | B213: =B3 -> CONSTRUCCION DE LOS SISTEMAS DE ALCANTARILLADO PLUVIAL DE LOS BARRIOS EL DORADO, PRADOS DE SAN LUIS, SANTA CATALINA, PATRIOTAS, VILLA BACHUE y PRADOS DEL NORTE DE LA CIUDAD DE TUNJA.
A214: SUPERVISOR: | G214: CONTRATO:
A215: ITEM | B215: 1.8 | D215: DESCRIPCION | G215: ='PRESUPUESTO OFICIAL'!C17 -> ENTIBADOS EN MADERA PARA EXCAVACIÓNES 1 A 7 USOS | J215: UND | K215: M2
A216: OBSERVACIÓN | C216: CANTIDAD | D216: DIMENSIÓN | G216: TOTAL | H216: FOTOGRAFÍA
D217: LONGITUD | E217: ANCHO | F217: ALTURA (H)
A218: TN-2 | B218: TN-2 | C218: 2 | D218: 10.056 | F218: 1.74 | G218: =C218*D218*F218 -> 34.99488
A219: TN-1 | B219: TN-1 | C219: 2 | D219: 65.939 | F219: 1.87 | G219: =C219*D219*F219 -> 246.61186
A220: PZN-1 | B220: TN-1 | C220: 4 | E220: 2 | F220: 2.04 | G220: =C220*E220*F220 -> 16.32
A221: PZN-2 | B221: TN-2 | C221: 4 | E221: 3 | F221: 2.21 | G221: =C221*E221*F221 -> 26.52
A237: TOTAL | G237: =ROUNDUP((SUM(G218:G236)/7),0) -> 47
A241: Nombre y firma | F241: Nombre y firma
A242: INTERVENTOR Y/O SUPERVISOR | F242: INTERVENTOR Y/O SUPERVISOR
A243: MEMORIAS DE CANTIDADES
A245: OBJETO: | B245: =B3 -> CONSTRUCCION DE LOS SISTEMAS DE ALCANTARILLADO PLUVIAL DE LOS BARRIOS EL DORADO, PRADOS DE SAN LUIS, SANTA CATALINA, PATRIOTAS, VILLA BACHUE y PRADOS DEL NORTE DE LA CIUDAD DE TUNJA.
A246: SUPERVISOR: | G246: CONTRATO:
A247: ITEM | B247: 1.9 | D247: DESCRIPCION | G247: ='PRESUPUESTO OFICIAL'!C18 -> SUMINISTRO, FIGURADA Y AMARRE DE ACERO DE 420 MPa (60000 PSI) | J247: UND | K247: KG
...

Sheet PMT
B2: PLAN DE MANEJO DE TRANSITO (PMT)
B8: ITEM | C8: DESCRIPCION | D8: UND | E8: DEDICACION | F8: CANT. | G8: COTIZACION 1 | H8: COTIZACION 2 | I8: COTIZACION 3 | J8: VALOR UNITARIO PROMEDIO | K8: % RENDIMIENTO | L8: VR. TOTAL
C10: PLAN DE MANEJO DE TRAFICO
B11: 1 | C11: PERSONAL ( B )
B12: 1.1 | C12: PERSONAL
B13: 1,1,1 | C13: PALETERO | D13: MES | E13: 0.8 | F13: 2 | J13: 2309486.4 | L13: =+E13*F13*J13 -> 3695178.2
B14: 1,1,2 | C14: INGENIERO PROFESIONAL CATEGORIA 6 (EXPERIENCIA PROFESIONAL MINIMO 3 AÑOS-EXPERIENCIA ESPECIFICA MINIMO 1 AÑO) (INCLUYE SALARIO BASE + FACTOR PRESTACIONAL DEL 72.85%) | D14: MES | E14: 0.3 | F14: 5 | J14: 6269511.2 | L14: =+E14*F14*J14 -> 9404266.8
C15: TOTAL ( PERSONAL ) | L15: =+L14+L13 -> 13099445
B17: 2 | C17: DISPOSITIVOS, SEÑALIZACION Y EQUIPOS ( A )
B19: 2.1 | C19: DISPOSITIVOS DE CONTROL
B20: 2,1,1 | C20: BARRICADAS | D20: UND | F20: 11 | G20: 490000 | H20: 590000 | I20: 588900 | J20: =AVERAGE(G20:I20) -> 556300 | K20: 0.5 | L20: =+J20*F20*K20 -> 3059650
B21: 2,1,3 | C21: DELINEADORES TUBULARES (COLOMBINAS) | D21: UND | F21: 11 | G21: 84900 | H21: 38080 | I21: 64300 | J21: =AVERAGE(G21:I21) -> 62426.667 | K21: 0.5 | L21: =+J21*F21*K21 -> 343346.67
B22: 2,1,4 | C22: CINTA PLASTICA "PELIGRO NO PASE" X 500 m | D22: ROLLO | F22: 3 | G22: 34900 | H22: 48900 | I22: 59900 | J22: =AVERAGE(G22:I22) -> 47900 | K22: 0.8 | L22: =+J22*F22*K22 -> 114960
B23: 2.2 | C23: SEÑALIZACION
B24: 2,2,1 | C24: SUMINISTRO E INSTALACIÓN DE SEÑAL DE TRANSITO PREVENTIVA, REGLAMENTARIA O INFORMATIVA DE 75 x 75 CM." TRANSITE POR LA ACERA DE ENFRENTE" | D24: UND | F24: 9 | J24: 468679.69 | K24: 0.1 | L24: =+J24*F24*K24 -> 421811.72
B25: 2,2,2 | C25: SUMINISTRO E INSTALACIÓN DE SEÑAL DE TRANSITO PREVENTIVA, REGLAMENTARIA O INFORMATIVA DE 75 x 75 CM " OBRA EN LA VÍA " | D25: UND | F25: 11 | J25: 468679.69 | K25: 0.1 | L25: =+J25*F25*K25 -> 515547.66
C26: SUBTOTAL ( DISPOSITIVOS, SEÑALIZACION Y EQUIPOS) | L26: =ROUND(SUM(L20:L25),0) -> 4455316
C27: IVA 19 % | L27: =+L26*0.19 -> 846510.04
C28: TOTAL DISPOSITIVOS, SEÑALIZACION Y EQUIPOS | L28: =+L26+L27 -> 5301826
C30: TOTAL PLAN MANEJO DE TRAFICO | L30: =+L28+L15 -> 18401271
B32: Nota: Para el pago de este item se debe presentar el informe correspondiente donde se pueda verificar el cumplimiento de la actividad

Sheet PMA
D4: cotizaciones
D5: Cometazul | E5: =11000000*1.19 -> 13090000
D6: DyM | E6: =D23 -> 12500000
D7: ISA | E7: =6000000*1.19 -> 7140000
D8: PROM | E8: =ROUND(AVERAGE(E5:E7),2) -> 10910000
B10: NOTA | C10: Para la cotizacion de DyM se toma el valor promedio para cada actividad
B13: cotizacion DyM
B14: ACTIVIDADA | D14: VALOR
B15: Contratación de un ingeniero residentes (dedicación del 20%) | D15: 1500000
B16: Selección de equipos adecuados: Asegurar de que las maquinarias sean apropiadas para trabajar en áreas húmedas y de difícil acceso. | D16: 4500000
B17: B.2 Plan Transporte y Descarga de Material | D17: 1500000
B18: B.3 Plan Seguridad e Higiene Industrial | D18: 1000000
B19: B.4 Programa de contingencias | D19: 1000000
B20: B.5 Plan Control y Disposición del Material de Demolición / Escombros | D20: 1000000
B21: B.6 Plan de Información y Participación Comunitaria | D21: 1000000
B22: B.6 Plan de Monitoreo y Seguimiento | D22: 1000000
C23: TOTAL | D23: =SUM(D15:E22) -> 12500000

Sheet APU 1.4
B3: Formulario 1 - Propuesta económica - Documento tipo de licitación de obra pública de agua potable y saneamiento básico
B4: Código | C4: CCE-EICP-FM-47 | D4: Versión | E4: 1
B6: [La entidad podrá utilizar este formato, o el establecido por la entidad, para la presentación de los análisis de precios unitarios del contratista en la oportunidad prevista en el numeral 8.1. del Documento Base]
C9: ALCALDIA DE TUNJA
K10: VERSIÓN
C11: [NÚMERO DEL PROCESO]
K12: PÁGINA | L12: 1 | M12: DE | N12: 1
C14: ANALISIS DE PRECIOS UNITARIOS
K16: FECHA | L16: DD | M16: MM | N16: AA
B18: ÍTEMS DE LA PROPUESTA ECONÓMICA
B22: DATOS ESPECÍFICOS
B24: ÍTEM | C24: DESCRIPCIÓN | L24: UNIDAD | N24: CANTIDAD
B25: ='PRESUPUESTO OFICIAL'!B13 -> APU 1.4 REF 2.02.16 | C25: ='PRESUPUESTO OFICIAL'!C13 -> EXCAVACIÓNES MECANICAS Y CORTES EN MATERIAL CONGLOMERADO SIN EXPLOSIVOS, (INCLUYE CARGUE Y ACARREO LIBRE HASTA 5 KM.) | L25: M3
B26: I. EQUIPO
B29: DESCRIPCIÓN | G29: MARCA | I29: TIPO | K29: TARIFA/HORA | L29: RENDIMIENTO | N29: Vr. UNITARIO
B30: HERRAMIENTA y EQUIPO MENOR(%M.O) | K30: 204.57 | L30: 0.05 | N30: =K30*L30 -> 10.2285 | P30: NOTA: APU ELABORADO A ARTIR DE 3.02.07
B31: RETROEXCAVADORA SOBRE ORUGAS (CAPACIDAD 220 HP) | K31: 221627 | L31: 0.12 | N31: =K31*L31 -> 26595.24
B33: SUBTOTAL $ | N33: =ROUND(SUM(N30:N32),2) -> 26605.47
B34: II. MATERIALES
B37: DESCRIPCIÓN | J37: UNIDAD | K37: CANTIDAD | L37: PRECIO UNIT. | N37: Vr. UNITARIO
J38: M3
B41: SUBTOTAL $ | N41: =ROUND(SUM(N38:N40),2) -> 0
B42: III. TRANSPORTES
B45: MATERIAL | I45: VOL. o PESO | J45: DISTANCIA | K45: M3 o Ton/Km | L45: TARIFA | N45: Vr. UNITARIO
B46: VOLQUETA | I46: M3 | J46: KM | K46: 1.3 | L46: 10464 | N46: =K46*L46 -> 13603.2
B48: SUBTOTAL $ | N48: =SUM(N46:N47) -> 13603.2
B49: IV. MANO DE OBRA
B52: TRABAJADOR | J52: UNIDAD | K52: VR UNITARIO | L52: CANTIDAD | N52: Vr. UNITARIO
B53: CUADRILLA DE ALBAÑILERIA (AA) | J53: HC | K53: 29224.69 | L53: =0.007 -> 0.007 | N53: =K53*L53 -> 204.57283
B57: SUBTOTAL $ | N57: =ROUND(SUM(N53:N56),2) -> 204.57
B59: TOTAL COSTO DIRECTO $ | N59: =ROUND(N33+N41+N48+N57,2) -> 40413.24
B60: V. COSTOS INDIRECTOS
B63: Descripción | K63: Porcentaje | L63: Valor Total
B64: ADMINISTRACION | K64: 0.23 | N64: =$N$59*K64 -> 9295.0452
B65: IMPREVISTOS | K65: 0.02 | N65: =$N$59*K65 -> 808.2648
B66: UTILIDAD | K66: 0.05 | N66: =$N$59*K66 -> 2020.662
B67: SUBTOTAL $ | N67: =ROUND(SUM(N64:N66),2) -> 12123.97
B69: Precio Unitario Total Aproximado al peso $ | N69: =ROUND(N59+N67,2) -> 52537.21
G73: Firma
G74: Nombre: | H74: JUAN CARLOS PEREZ MESA
G75: Representante: Secretario de fomento y servicios publicos
G76: Matricula No. :

Sheet APU 2.4
B3: Formulario 1 - Propuesta económica - Documento tipo de licitación de obra pública de agua potable y saneamiento básico
B4: Código | C4: CCE-EICP-FM-47 | D4: Versión | E4: 1
B6: [La entidad podrá utilizar este formato, o el establecido por la entidad, para la presentación de los análisis de precios unitarios del contratista en la oportunidad prevista en el numeral 8.1. del Documento Base]
C9: ALCALDIA DE TUNJA
K10: VERSIÓN
C11: [NÚMERO DEL PROCESO]
K12: PÁGINA | L12: 1 | M12: DE | N12: 1
C14: ANALISIS DE PRECIOS UNITARIOS
K16: FECHA | L16: DD | M16: MM | N16: AA
B18: ÍTEMS DE LA PROPUESTA ECONÓMICA
B22: DATOS ESPECÍFICOS
B24: ÍTEM | C24: DESCRIPCIÓN | L24: UNIDAD | N24: CANTIDAD
B25: APU 2.4 REF 1.03.07-5.01.08-5.01.02 | C25: POZO DE INSPECCIÓN, DIÁMETRO INTERIOR 1.2 M. (1.50 M. < H < 2.00 M.). ( INCLUYE ARO Y TAPA). | L25: UND | P25: NOTA: APU ELABORADO A ARTIR DE 5.01.08
B26: I. EQUIPO
B29: DESCRIPCIÓN | G29: MARCA | I29: TIPO | K29: TARIFA/HORA | L29: RENDIMIENTO | N29: Vr. UNITARIO
B30: Herrramienta y Equipo Menor(% M.O) | K30: 642943.22 | L30: 0.05 | N30: =K30*L30 -> 32147.161
B33: SUBTOTAL $ | N33: =ROUND(SUM(N30:N32),2) -> 32147.16
B34: II. MATERIALES
B37: DESCRIPCIÓN | J37: UNIDAD | K37: CANTIDAD | L37: PRECIO UNIT. | N37: Vr. UNITARIO
B38: PAÑETE IMPERMEABILIZADO 1:3 | J38: M3 | K38: =11.4*0.02 -> 0.228 | L38: 713708.61 | N38: =ROUND(K38*L38,2) -> 162725.56 | P38: NOTA: TOMADO DE 1.03.07
B39: ARO TAPA EN PLÁSTICO RECICLADO PP. (REF. MH70 O SIMILAR). | J39: UND | K39: 1 | L39: 701654.46 | N39: =ROUND(K39*L39,2) -> 701654.46 | P39: NOTA:TOMADO DE 5.01.02
B40: LADRILLO TOLETE COMUN | J40: UND | K40: 985 | L40: 743.33 | N40: =ROUND(K40*L40,2) -> 732180.05
B41: MORTERO 1:3 | J41: M3 | K41: 0.97 | L41: 551162.35 | N41: =ROUND(K41*L41,2) -> 534627.48
B42: ANTICORROSIVO PRIMER | J42: GL | K42: 0.02 | L42: 137419.5 | N42: =ROUND(K42*L42,2) -> 2748.39
B43: SUBTOTAL $ | N43: =ROUND(SUM(N38:N42),2) -> 2133935.9
B44: III. TRANSPORTES
B47: MATERIAL | I47: VOL. o PESO | J47: DISTANCIA | K47: M3 o Ton/Km | L47: TARIFA | N47: Vr. UNITARIO
B50: SUBTOTAL $ | N50: =SUM(N48:N49) -> 0
B51: IV. MANO DE OBRA
B54: TRABAJADOR | J54: UNIDAD | K54: VR UNITARIO | L54: CANTIDAD | N54: Vr. UNITARIO
B55: CUADRILLA DE ALBAÑILERIA (AA) | J55: HC | K55: 29224.69 | L55: 22 | N55: =L55*K55 -> 642943.18
K56: =(I56*J56)+I56 -> 0 | N56: =L56*K56 -> 0
B59: SUBTOTAL $ | N59: =ROUND(SUM(N55:N58),2) -> 642943.18
B61: TOTAL COSTO DIRECTO $ | N61: =ROUND(N33+N43+N50+N59,2) -> 2809026.3
B62: V. COSTOS INDIRECTOS
B65: Descripción | K65: Porcentaje | L65: Valor Total
B66: ADMINISTRACION | K66: 0.23 | N66: =$N$61*K66 -> 646076.04
B67: IMPREVISTOS | K67: 0.02 | N67: =$N$61*K67 -> 56180.526
B68: UTILIDAD | K68: 0.05 | N68: =$N$61*K68 -> 140451.31
B69: SUBTOTAL $ | N69: =ROUND(SUM(N66:N68),2) -> 842707.88
B71: Precio Unitario Total Aproximado al peso $ | N71: =ROUND(N61+N69,2) -> 3651734.2
G75: Firma
G76: Nombre: | H76: JUAN CARLOS PEREZ MESA
G77: Representante: Secretario de fomento y servicios publicos
G78: Matricula No. :

Sheet APU 6.1
B3: Formulario 1 - Propuesta económica - Documento tipo de licitación de obra pública de agua potable y saneamiento básico
B4: Código | C4: CCE-EICP-FM-47 | D4: Versión | E4: 1
B6: [La entidad podrá utilizar este formato, o el establecido por la entidad, para la presentación de los análisis de precios unitarios del contratista en la oportunidad prevista en el numeral 8.1. del Documento Base]
C9: ALCALDIA DE TUNJA
K10: VERSIÓN
C11: [NÚMERO DEL PROCESO]
K12: PÁGINA | L12: 1 | M12: DE | N12: 1
C14: ANALISIS DE PRECIOS UNITARIOS
U15: COTIZACIONES INSPECCION CON CAMARA CCTV (ml)
K16: FECHA | L16: DD | M16: MM | N16: AA | U16: H T TERMOFUSIONES | V16: 12495
U17: VEOLIA AGUAS DE TUNJA S.A E.SP | V17: 13796
B18: ÍTEMS DE LA PROPUESTA ECONÓMICA | U18: HIDRO V S.A.S | V18: =13300*1.19 -> 15827
U19: PROMEDIO | V19: =AVERAGE(V16:V18) -> 14039.333
B22: DATOS ESPECÍFICOS | U22: COTIZACIONES LIMPIEZA CON VACTOR( ml)
U23: VEOLIA AGUAS DE TUNJA S.A E.SP | V23: 353334
B24: ÍTEM | C24: DESCRIPCIÓN | L24: UNIDAD | N24: CANTIDAD | U24: AMBIENTE Y SOLUCIONES S.A.S | V24: 320000
B25: ='PRESUPUESTO OFICIAL'!B37 -> APU 6,1 COT | C25: Inspección con cámara CCTV ( Incluye informe en medio magnético) y lavado con vactor | L25: UND | U25: HIDRO V S.A.S | V25: =326250*1.19 -> 388237.5
B26: I. EQUIPO | U26: PROMEDIO | V26: =AVERAGE(V23:V25) -> 353857.17
B29: DESCRIPCIÓN | G29: MARCA | I29: TIPO | K29: TARIFA/HORA | L29: RENDIMIENTO | N29: Vr. UNITARIO
N30: =K30*L30 -> 0
B33: SUBTOTAL $ | N33: =ROUND(SUM(N30:N32),2) -> 0
B34: II. MATERIALES
B37: DESCRIPCIÓN | J37: UNIDAD | K37: CANTIDAD | L37: PRECIO UNIT. | N37: Vr. UNITARIO
B38: LIMPIEZA CON VACTOR | J38: h | K38: =0.1166 -> 0.1166 | L38: =V26 -> 353857.17 | N38: =ROUND(K38*L38,2) -> 41259.75
B39: INSPECCION CON CAMARA CCTV | J39: Ml | K39: 1 | L39: =V19 -> 14039.333 | N39: =ROUND(K39*L39,2) -> 14039.33
N40: =ROUND(K40*L40,2) -> 0
B41: SUBTOTAL $ | N41: =ROUND(SUM(N38:N40),2) -> 55299.08
B42: III. TRANSPORTES
B45: MATERIAL | I45: VOL. o PESO | J45: DISTANCIA | K45: M3 o Ton/Km | L45: TARIFA | N45: Vr. UNITARIO
B48: SUBTOTAL $ | N48: =SUM(N46:N47) -> 0
B49: IV. MANO DE OBRA
B52: TRABAJADOR | I52: JORNAL | J52: PRESTACIONES | K52: JORNAL TOTAL | L52: RENDIMIENTO | N52: Vr. UNITARIO
B57: SUBTOTAL $ | N57: =ROUND(SUM(N53:N56),2) -> 0
B59: TOTAL COSTO DIRECTO $ | N59: =ROUND(N33+N41+N48+N57,2) -> 55299.08
B60: V. COSTOS INDIRECTOS
B63: Descripción | K63: Porcentaje | L63: Valor Total
B64: ADMINISTRACION | K64: 0.23 | N64: =$N$59*K64 -> 12718.788
B65: IMPREVISTOS | K65: 0.02 | N65: =$N$59*K65 -> 1105.9816
B66: UTILIDAD | K66: 0.05 | N66: =$N$59*K66 -> 2764.954
B67: SUBTOTAL $ | N67: =ROUND(SUM(N64:N66),2) -> 16589.72
B69: Precio Unitario Total Aproximado al peso $ | N69: =ROUND(N59+N67,2) -> 71888.8
G73: Firma
G74: Nombre: | H74: JUAN CARLOS PEREZ MESA
G75: Representante: Secretario de fomento y servicios publicos
G76: Matricula No. :

Sheet APU 8.4
B3: Formulario 1 - Propuesta económica - Documento tipo de licitación de obra pública de agua potable y saneamiento básico
B4: Código | C4: CCE-EICP-FM-47 | D4: Versión | E4: 1
B6: [La entidad podrá utilizar este formato, o el establecido por la entidad, para la presentación de los análisis de precios unitarios del contratista en la oportunidad prevista en el numeral 8.1. del Documento Base]
C9: ALCALDIA DE TUNJA
K10: VERSIÓN
C11: [NÚMERO DEL PROCESO]
K12: PÁGINA | L12: 1 | M12: DE | N12: 1
C14: ANALISIS DE PRECIOS UNITARIOS
K16: FECHA | L16: DD | M16: MM | N16: AA
B18: ÍTEMS DE LA PROPUESTA ECONÓMICA
B22: DATOS ESPECÍFICOS
B24: ÍTEM | C24: DESCRIPCIÓN | L24: UNIDAD | N24: CANTIDAD
B25: APU 8.4 1.03.07-5.01.09-5.01.02 | C25: POZO DE INSPECCIÓN, DIÁMETRO INTERIOR 1.2 M. (2.00 M. < H < 2.50 M.). ( INCLUYE ARO Y TAPA). | L25: UND | P25: NOTA: APU ELABORADO A ARTIR DE 5.01.09
B26: I. EQUIPO
B29: DESCRIPCIÓN | G29: MARCA | I29: TIPO | K29: TARIFA/HORA | L29: RENDIMIENTO | N29: Vr. UNITARIO
B30: Herrramienta y Equipo Menor(% M.O) | K30: 759841.99 | L30: 0.05 | N30: =K30*L30 -> 37992.1
B33: SUBTOTAL $ | N33: =ROUND(SUM(N30:N32),2) -> 37992.1
B34: II. MATERIALES
B37: DESCRIPCIÓN | J37: UNIDAD | K37: CANTIDAD | L37: PRECIO UNIT. | N37: Vr. UNITARIO
B38: PAÑETE IMPERMEABILIZADO 1:3 | J38: M3 | K38: =19*0.02 -> 0.38 | L38: 713708.61 | N38: =ROUND(K38*L38,2) -> 271209.27 | P38: NOTA: TOMADO DE 1.03.07
B39: ARO TAPA EN PLÁSTICO RECICLADO PP. (REF. MH70 O SIMILAR). | J39: UND | K39: 1 | L39: 701654.46 | N39: =ROUND(K39*L39,2) -> 701654.46 | P39: NOTA: TOMADO DE 5.01.02
B40: LADRILLO TOLETE COMUN | J40: UND | K40: 1240 | L40: 743.33 | N40: =ROUND(K40*L40,2) -> 921729.2
B41: MORTERO 1:3 | J41: M3 | K41: 1.22 | L41: 551162.35 | N41: =ROUND(K41*L41,2) -> 672418.07
B42: ANTICORROSIVO PRIMER | J42: GL | K42: 0.02 | L42: 137419.5 | N42: =ROUND(K42*L42,2) -> 2748.39
B43: SUBTOTAL $ | N43: =ROUND(SUM(N38:N42),2) -> 2569759.4
B44: III. TRANSPORTES
B47: MATERIAL | I47: VOL. o PESO | J47: DISTANCIA | K47: M3 o Ton/Km | L47: TARIFA | N47: Vr. UNITARIO
B50: SUBTOTAL $ | N50: =SUM(N48:N49) -> 0
B51: IV. MANO DE OBRA
B54: TRABAJADOR | J54: UNIDAD | K54: VR UNITARIO | L54: CANTIDAD | N54: Vr. UNITARIO
B55: CUADRILLA DE ALBAÑILERIA (AA) | J55: HC | K55: 29224.69 | L55: 26 | N55: =L55*K55 -> 759841.94
K56: =(I56*J56)+I56 -> 0 | N56: =L56*K56 -> 0
B59: SUBTOTAL $ | N59: =ROUND(SUM(N55:N58),2) -> 759841.94
B61: TOTAL COSTO DIRECTO $ | N61: =ROUND(N33+N43+N50+N59,2) -> 3367593.4
B62: V. COSTOS INDIRECTOS
B65: Descripción | K65: Porcentaje | L65: Valor Total
B66: ADMINISTRACION | K66: 0.23 | N66: =$N$61*K66 -> 774546.49
B67: IMPREVISTOS | K67: 0.02 | N67: =$N$61*K67 -> 67351.869
B68: UTILIDAD | K68: 0.05 | N68: =$N$61*K68 -> 168379.67
B69: SUBTOTAL $ | N69: =ROUND(SUM(N66:N68),2) -> 1010278
B71: Precio Unitario Total Aproximado al peso $ | N71: =ROUND(N61+N69,2) -> 4377871.5
G75: Firma
G76: Nombre: | H76: JUAN CARLOS PEREZ MESA
G77: Representante: Secretario de fomento y servicios publicos
G78: Matricula No. :

Sheet APU 8.5
B3: Formulario 1 - Propuesta económica - Documento tipo de licitación de obra pública de agua potable y saneamiento básico
B4: Código | C4: CCE-EICP-FM-47 | D4: Versión | E4: 1
B6: [La entidad podrá utilizar este formato, o el establecido por la entidad, para la presentación de los análisis de precios unitarios del contratista en la oportunidad prevista en el numeral 8.1. del Documento Base]
C9: ALCALDIA DE TUNJA
K10: VERSIÓN
C11: [NÚMERO DEL PROCESO]
K12: PÁGINA | L12: 1 | M12: DE | N12: 1
C14: ANALISIS DE PRECIOS UNITARIOS
K16: FECHA | L16: DD | M16: MM | N16: AA
B18: ÍTEMS DE LA PROPUESTA ECONÓMICA
B22: DATOS ESPECÍFICOS
B24: ÍTEM | C24: DESCRIPCIÓN | L24: UNIDAD | N24: CANTIDAD
B25: APU 8.5 1.03.07-5.01.10-5.01.02 | C25: POZO DE INSPECCIÓN, DIÁMETRO INTERIOR 1.5 M. (2.50 M. < H < 3.50 M.). ( INCLUYE ARO Y TAPA). | L25: UND | P25: NOTA: APU ELABORADO A ARTIR DE 5.01.08
B26: I. EQUIPO
B29: DESCRIPCIÓN | G29: MARCA | I29: TIPO | K29: TARIFA/HORA | L29: RENDIMIENTO | N29: Vr. UNITARIO
B30: Herrramienta y Equipo Menor(% M.O) | K30: 876740.76 | L30: 0.05 | N30: =K30*L30 -> 43837.038
B33: SUBTOTAL $ | N33: =ROUND(SUM(N30:N32),2) -> 43837.04
B34: II. MATERIALES
B37: DESCRIPCIÓN | J37: UNIDAD | K37: CANTIDAD | L37: PRECIO UNIT. | N37: Vr. UNITARIO
B38: PAÑETE IMPERMEABILIZADO 1:3 | J38: M2 | K38: =33.8*0.02 -> 0.676 | L38: 713708.61 | N38: =ROUND(K38*L38,2) -> 482467.02 | P38: NOTA: TOMADO DE 1.03.07
B39: ARO TAPA EN PLÁSTICO RECICLADO PP. (REF. MH70 O SIMILAR). | J39: UND | K39: 1 | L39: 701654.46 | N39: =ROUND(K39*L39,2) -> 701654.46 | P39: NOTA: TOMADO DE 5.01.02
B40: LADRILLO TOLETE COMUN | J40: UND | K40: 2190 | L40: 743.33 | N40: =ROUND(K40*L40,2) -> 1627892.7
B41: MORTERO 1:3 | J41: M3 | K41: 2.16 | L41: 551162.35 | N41: =ROUND(K41*L41,2) -> 1190510.7
B42: ANTICORROSIVO PRIMER | J42: GL | K42: 0.03 | L42: 137419.5 | N42: =ROUND(K42*L42,2) -> 4122.59
B43: SUBTOTAL $ | N43: =ROUND(SUM(N38:N42),2) -> 4006647.5
B44: III. TRANSPORTES
B47: MATERIAL | I47: VOL. o PESO | J47: DISTANCIA | K47: M3 o Ton/Km | L47: TARIFA | N47: Vr. UNITARIO
B50: SUBTOTAL $ | N50: =SUM(N48:N49) -> 0
B51: IV. MANO DE OBRA
B54: TRABAJADOR | J54: UNIDAD | K54: VR UNITARIO | L54: CANTIDAD | N54: Vr. UNITARIO
B55: CUADRILLA DE ALBAÑILERIA (AA) | J55: HC | K55: 29224.69 | L55: 30.000002 | N55: =L55*K55 -> 876740.76
K56: =(I56*J56)+I56 -> 0 | N56: =L56*K56 -> 0
B59: SUBTOTAL $ | N59: =ROUND(SUM(N55:N58),2) -> 876740.76
B61: TOTAL COSTO DIRECTO $ | N61: =ROUND(N33+N43+N50+N59,2) -> 4927225.2
B62: V. COSTOS INDIRECTOS
B65: Descripción | K65: Porcentaje | L65: Valor Total
B66: ADMINISTRACION | K66: 0.23 | N66: =$N$61*K66 -> 1133261.8
B67: IMPREVISTOS | K67: 0.02 | N67: =$N$61*K67 -> 98544.505
B68: UTILIDAD | K68: 0.05 | N68: =$N$61*K68 -> 246361.26
B69: SUBTOTAL $ | N69: =ROUND(SUM(N66:N68),2) -> 1478167.6
B71: Precio Unitario Total Aproximado al peso $ | N71: =ROUND(N61+N69,2) -> 6405392.8
G75: Firma
G76: Nombre: | H76: JUAN CARLOS PEREZ MESA
G77: Representante: Secretario de fomento y servicios publicos
G78: Matricula No. :

Sheet APU 8.6 
B3: Formulario 1 - Propuesta económica - Documento tipo de licitación de obra pública de agua potable y saneamiento básico
B4: Código | C4: CCE-EICP-FM-47 | D4: Versión | E4: 1
B6: [La entidad podrá utilizar este formato, o el establecido por la entidad, para la presentación de los análisis de precios unitarios del contratista en la oportunidad prevista en el numeral 8.1. del Documento Base]
C9: ALCALDIA DE TUNJA
K10: VERSIÓN
C11: [NÚMERO DEL PROCESO]
K12: PÁGINA | L12: 1 | M12: DE | N12: 1
C14: ANALISIS DE PRECIOS UNITARIOS
K16: FECHA | L16: DD | M16: MM | N16: AA
B18: ÍTEMS DE LA PROPUESTA ECONÓMICA
B22: DATOS ESPECÍFICOS
B24: ÍTEM | C24: DESCRIPCIÓN | L24: UNIDAD | N24: CANTIDAD
B25: APU 8.6 1.03.07-5.01.10-5.01.02 | C25: POZO DE INSPECCIÓN, DIÁMETRO INTERIOR 1.5 M, 3.5< h < 4.7 (pañetado y con aro y tapa en polipropileno) | L25: UND | P25: NOTA: APU ELABORADO A ARTIR DE 5.01.08
B26: I. EQUIPO
B29: DESCRIPCIÓN | G29: MARCA | I29: TIPO | K29: TARIFA/HORA | L29: RENDIMIENTO | N29: Vr. UNITARIO
B30: Herrramienta y Equipo Menor(% M.O) | K30: 876740.76 | L30: 0.05 | N30: =K30*L30 -> 43837.038
B33: SUBTOTAL $ | N33: =ROUND(SUM(N30:N32),2) -> 43837.04
B34: II. MATERIALES
B37: DESCRIPCIÓN | J37: UNIDAD | K37: CANTIDAD | L37: PRECIO UNIT. | N37: Vr. UNITARIO
B38: PAÑETE IMPERMEABILIZADO 1:3 | J38: M2 | K38: =60.2*0.02 -> 1.204 | L38: 713708.61 | N38: =ROUND(K38*L38,2) -> 859305.17 | P38: NOTA: TOMADO DE 1.03.07
B39: ARO TAPA EN PLÁSTICO RECICLADO PP. (REF. MH70 O SIMILAR). | J39: UND | K39: 1 | L39: 701654.46 | N39: =ROUND(K39*L39,2) -> 701654.46 | P39: NOTA: TOMADO DE 5.01.02
B40: LADRILLO TOLETE COMUN | J40: UND | K40: 2935 | L40: 743.33 | N40: =ROUND(K40*L40,2) -> 2181673.5
B41: MORTERO 1:3 | J41: M3 | K41: 2.9 | L41: 551162.35 | N41: =ROUND(K41*L41,2) -> 1598370.8
B42: ANTICORROSIVO PRIMER | J42: GL | K42: 0.04 | L42: 137419.5 | N42: =ROUND(K42*L42,2) -> 5496.78
B43: SUBTOTAL $ | N43: =ROUND(SUM(N38:N42),2) -> 5346500.8
B44: III. TRANSPORTES
B47: MATERIAL | I47: VOL. o PESO | J47: DISTANCIA | K47: M3 o Ton/Km | L47: TARIFA | N47: Vr. UNITARIO
B50: SUBTOTAL $ | N50: =SUM(N48:N49) -> 0
B51: IV. MANO DE OBRA
B54: TRABAJADOR | J54: UNIDAD | K54: VR UNITARIO | L54: CANTIDAD | N54: Vr. UNITARIO
B55: CUADRILLA DE ALBAÑILERIA (AA) | J55: HC | K55: 29224.69 | L55: 40.2 | N55: =L55*K55 -> 1174832.5
K56: =(I56*J56)+I56 -> 0 | N56: =L56*K56 -> 0
B59: SUBTOTAL $ | N59: =ROUND(SUM(N55:N58),2) -> 1174832.5
B61: TOTAL COSTO DIRECTO $ | N61: =ROUND(N33+N43+N50+N59,2) -> 6565170.4
B62: V. COSTOS INDIRECTOS
B65: Descripción | K65: Porcentaje | L65: Valor Total
B66: ADMINISTRACION | K66: 0.23 | N66: =$N$61*K66 -> 1509989.2
B67: IMPREVISTOS | K67: 0.02 | N67: =$N$61*K67 -> 131303.41
B68: UTILIDAD | K68: 0.05 | N68: =$N$61*K68 -> 328258.52
B69: SUBTOTAL $ | N69: =ROUND(SUM(N66:N68),2) -> 1969551.1
B71: Precio Unitario Total Aproximado al peso $ | N71: =ROUND(N61+N69,2) -> 8534721.5
G75: Firma
G76: Nombre: | H76: JUAN CARLOS PEREZ MESA
G77: Representante: Secretario de fomento y servicios publicos
G78: Matricula No. :

Sheet APU 11.1
B3: Formulario 1 - Propuesta económica - Documento tipo de licitación de obra pública de agua potable y saneamiento básico
B4: Código | C4: CCE-EICP-FM-47 | D4: Versión | E4: 1
B6: [La entidad podrá utilizar este formato, o el establecido por la entidad, para la presentación de los análisis de precios unitarios del contratista en la oportunidad prevista en el numeral 8.1. del Documento Base]
C9: ALCALDIA DE TUNJA
K10: VERSIÓN
C11: [NÚMERO DEL PROCESO]
K12: PÁGINA | L12: 1 | M12: DE | N12: 1
C14: ANALISIS DE PRECIOS UNITARIOS
K16: FECHA | L16: DD | M16: MM | N16: AA
B18: ÍTEMS DE LA PROPUESTA ECONÓMICA
B22: DATOS ESPECÍFICOS
B24: ÍTEM | C24: DESCRIPCIÓN | L24: UNIDAD | N24: CANTIDAD
B25: APU 11.1 REF 5.02.14-5.02.15 | C25: SUMIDERO SI 100 CON REJILLA EN POLIPROPILENO | L25: UND | P25: NOTA: APU ELABORADO A ARTIR DE 5.02.14
B26: I. EQUIPO
B29: DESCRIPCIÓN | G29: MARCA | I29: TIPO | K29: TARIFA/HORA | L29: RENDIMIENTO | N29: Vr. UNITARIO
B33: SUBTOTAL $ | N33: =ROUND(SUM(N30:N32),2) -> 0
B34: II. MATERIALES
B37: DESCRIPCIÓN | J37: UNIDAD | K37: CANTIDAD | L37: PRECIO UNIT. | N37: Vr. UNITARIO
B38: MORTERO 1:3 IMPERMEABILIZADO | J38: M3 | K38: 0.1 | L38: 713708.61 | N38: =ROUND(K38*L38,2) -> 71370.86
B39: CONCRETO SIMPLE DE 14 Mpa. (2000 PSI) | J39: M3 | K39: 0.24 | L39: 453833.24 | N39: =ROUND(K39*L39,2) -> 108919.98
B40: MURO EN LADRILLO TOLETE COMUN DE E = 0.20 M. | J40: M2 | K40: 3.5 | L40: 157324.45 | N40: =ROUND(K40*L40,2) -> 550635.58
B41: REJILLA PLÁSTICA PARA SUMIDERO TRÁFICO PESADO DE 90CM X 50CM X 10CM | J41: UND | K41: 1 | L41: 346700 | N41: =ROUND(K41*L41,2) -> 346700 | P41: NOTA: TOMADO DE 5.02.15
B42: SUBTOTAL $ | N42: =ROUND(SUM(N38:N41),2) -> 1077626.4
B43: III. TRANSPORTES
B46: MATERIAL | I46: VOL. o PESO | J46: DISTANCIA | K46: M3 o Ton/Km | L46: TARIFA | N46: Vr. UNITARIO
B49: SUBTOTAL $ | N49: =SUM(N47:N48) -> 0
B50: IV. MANO DE OBRA
B53: TRABAJADOR | J53: UNIDAD | K53: VR UNITARIO | L53: CANTIDAD | N53: Vr. UNITARIO
B54: CUADRILLA DE ALBAÑILERIA (AA1) | J54: HC | K54: 40914.57 | L54: 16 | N54: =L54*K54 -> 654633.12 | P54: TOMADO A ARTIR DE 5.02.14
B58: SUBTOTAL $ | N58: =ROUND(SUM(N54:N57),2) -> 654633.12
B60: TOTAL COSTO DIRECTO $ | N60: =ROUND(N33+N42+N49+N58,2) -> 1732259.5
B61: V. COSTOS INDIRECTOS
B64: Descripción | K64: Porcentaje | L64: Valor Total
B65: ADMINISTRACION | K65: 0.23 | N65: =$N$60*K65 -> 398419.69
B66: IMPREVISTOS | K66: 0.02 | N66: =$N$60*K66 -> 34645.191
B67: UTILIDAD | K67: 0.05 | N67: =$N$60*K67 -> 86612.977
B68: SUBTOTAL $ | N68: =ROUND(SUM(N65:N67),2) -> 519677.86
B70: Precio Unitario Total Aproximado al peso $ | N70: =ROUND(N60+N68,2) -> 2251937.4
G74: Firma
G75: Representante: Secretario de fomento y servicios publicos | H75: JUAN CARLOS PEREZ MESA
G76: Representante: Secretario de fomento y servicios publicos
G77: Matricula No. :

Sheet APO 22.2
B3: Formulario 1 - Propuesta económica - Documento tipo de licitación de obra pública de agua potable y saneamiento básico
B4: Código | C4: CCE-EICP-FM-47 | D4: Versión | E4: 1
B6: [La entidad podrá utilizar este formato, o el establecido por la entidad, para la presentación de los análisis de precios unitarios del contratista en la oportunidad prevista en el numeral 8.1. del Documento Base]
C9: ALCALDIA DE TUNJA
K10: VERSIÓN
C11: [NÚMERO DEL PROCESO]
K12: PÁGINA | L12: 1 | M12: DE | N12: 1
C14: ANALISIS DE PRECIOS UNITARIOS
K16: FECHA | L16: DD | M16: MM | N16: AA
B18: ÍTEMS DE LA PROPUESTA ECONÓMICA
B22: DATOS ESPECÍFICOS
B24: ÍTEM | C24: DESCRIPCIÓN | L24: UNIDAD | N24: CANTIDAD
B25: APU 22.2 REF 1.03.07-5.01.07-5.01.02 | C25: POZO DE INSPECCIÓN, DIAMETRO INTERIOR 1.2 M. (1.00 M. < H < 1.50 M.). ( INCLUYE ARO Y TAPA). | L25: UND | P25: NOTA: APU ELABORADO A ARTIR DE 5.01.07
B26: I. EQUIPO
B29: DESCRIPCIÓN | G29: MARCA | I29: TIPO | K29: TARIFA/HORA | L29: RENDIMIENTO | N29: Vr. UNITARIO
B30: Herrramienta y Equipo Menor(% M.O) | K30: 555269.15 | L30: 0.05 | N30: =K30*L30 -> 27763.458
B33: SUBTOTAL $ | N33: =ROUND(SUM(N30:N32),2) -> 27763.46
B34: II. MATERIALES
B37: DESCRIPCIÓN | J37: UNIDAD | K37: CANTIDAD | L37: PRECIO UNIT. | N37: Vr. UNITARIO
B38: PAÑETE IMPERMEABILIZADO 1:3 | J38: M3 | K38: =6.2*0.02 -> 0.124 | L38: 713708.61 | N38: =ROUND(K38*L38,2) -> 88499.87 | P38: NOTA: TOMADO DE 1.03.07
B39: ARO TAPA EN PLÁSTICO RECICLADO PP. (REF. MH70 O SIMILAR). | J39: UND | K39: 1 | L39: 701654.46 | N39: =ROUND(K39*L39,2) -> 701654.46 | P39: NOTA: TOMADO DE 5.01.02
B40: LADRILLO TOLETE COMUN | J40: UND | K40: 730 | L40: 743.33 | N40: =ROUND(K40*L40,2) -> 542630.9
B41: MORTERO 1:3 | J41: M3 | K41: 0.72 | L41: 551162.35 | N41: =ROUND(K41*L41,2) -> 396836.89
B42: ANTICORROSIVO PRIMER | J42: GL | K42: 0.01 | L42: 137419.5 | N42: =ROUND(K42*L42,2) -> 1374.2
B43: SUBTOTAL $ | N43: =ROUND(SUM(N38:N42),2) -> 1730996.3
B44: III. TRANSPORTES
B47: MATERIAL | I47: VOL. o PESO | J47: DISTANCIA | K47: M3 o Ton/Km | L47: TARIFA | N47: Vr. UNITARIO
B50: SUBTOTAL $ | N50: =SUM(N48:N49) -> 0
B51: IV. MANO DE OBRA
B54: TRABAJADOR | J54: UNIDAD | K54: VR UNITARIO | L54: CANTIDAD | N54: Vr. UNITARIO
B55: CUADRILLA DE ALBAÑILERIA (AA) | J55: HC | K55: 29224.69 | L55: 19 | N55: =L55*K55 -> 555269.11
K56: =(I56*J56)+I56 -> 0 | N56: =L56*K56 -> 0
B59: SUBTOTAL $ | N59: =ROUND(SUM(N55:N58),2) -> 555269.11
B61: TOTAL COSTO DIRECTO $ | N61: =ROUND(N33+N43+N50+N59,2) -> 2314028.9
B62: V. COSTOS INDIRECTOS
B65: Descripción | K65: Porcentaje | L65: Valor Total
B66: ADMINISTRACION | K66: 0.23 | N66: =$N$61*K66 -> 532226.64
B67: IMPREVISTOS | K67: 0.02 | N67: =$N$61*K67 -> 46280.578
B68: UTILIDAD | K68: 0.05 | N68: =$N$61*K68 -> 115701.44
B69: SUBTOTAL $ | N69: =ROUND(SUM(N66:N68),2) -> 694208.67
B71: Precio Unitario Total Aproximado al peso $ | N71: =ROUND(N61+N69,2) -> 3008237.6
G75: Firma
G76: Nombre: | H76: JUAN CARLOS PEREZ MESA
G77: Representante: Secretario de fomento y servicios publicos
G78: Matricula No. :
